 Dungeon Crawl Stone Soup version 0.30.1-11-g7821555f0a (webtiles) character file.

Game seed: 4166397754754017412

2081 Ekaitz the Zephyrmancer (level 9, -13/51 HPs)
             Began as a Tengu Air Elementalist on Dec 23, 2023.
             Was a Follower of Vehumet.
             Mangled by Edmund
             ... wielding a +2 heavy dire flail
              (22 damage)
             ... on level 6 of the Dungeon.
             The game lasted 00:12:19 (6505 turns).

Ekaitz the Zephyrmancer (Tengu Air Elementalist)    Turns: 6505, Time: 00:12:19

Health: -13/51     AC:  3    Str:  9    XL:     9   Next: 27%
Magic:  5/16       EV: 17    Int: 20    God:    Vehumet [*.....]
Gold:   253        SH:  5    Dex: 14    Spells: 6/16 levels left

rFire   + + .        c - +1 dagger (drain)
rCold   + . .        (no shield)
rNeg    . . .        a - +0 robe
rPois   .            (helmet restricted)
rElec   .            w - scarf {rC+ rF+}
rCorr   .            G - +0 pair of gloves
SInv    .            (boots unavailable)
Will    .....        u - amulet of reflection
Stlth   ++           p - ring of protection from fire
HPRegen 0.28/turn    g - +4 ring of slaying
MPRegen 0.15/turn

%: reflection
@: flying quickly and evasively, quick
A: beak, talons 3, nimble flight
a: Renounce Religion


You were on level 6 of the Dungeon.
You worshipped Vehumet.
Vehumet was aware of your devotion.
You visited 2 branches of the dungeon, and saw 7 of its levels.

You collected 332 gold pieces.
You spent 79 gold pieces at shops.

Inventory:

Hand Weapons
 c - a +1 dagger of draining (weapon)
 t - a +0 spear of venom
 v - a +3 spear
 I - a +1 dagger of holy wrath
Missiles
 l - 9 javelins
 y - 6 poisoned darts
 H - a throwing net
Armour
 a - a +0 robe (worn)
 k - an orb of wrath
 w - a scarf of resistance (worn)
 G - a +0 pair of gloves (worn)
Jewellery
 d - a ring of resist corrosion
 g - a +4 ring of slaying (right hand)
 p - a ring of protection from fire (left hand)
 u - an amulet of reflection (around neck)
Scrolls
 e - 5 scrolls of noise {unknown}
 j - 7 scrolls of identify {unknown}
 m - 2 scrolls of blinking {unknown}
 q - 4 scrolls of teleportation {unknown}
 r - a scroll of vulnerability {unknown}
 s - a scroll of enchant weapon {unknown}
 A - a scroll of magic mapping {unknown}
 B - a scroll of enchant armour {unknown}
 C - a scroll of amnesia {unknown}
 E - a scroll of immolation {unknown}
Potions
 b - 2 potions of magic
 f - a potion of mutation {unknown}
 h - 2 potions of might {unknown}
 i - 4 potions of curing {unknown}
 n - 2 potions of attraction {unknown}
 o - a potion of ambrosia {unknown}
 x - a potion of berserk rage {unknown}
 z - 2 potions of brilliance {unknown}
 D - a potion of cancellation {unknown}
 F - 2 potions of heal wounds {unknown}


   Skills:
 * Level 3.3 Fighting
 + Level 0.7 Short Blades
 * Level 5.5 Dodging
 + Level 3.0 Stealth
 + Level 0.7 Shields
 + Level 4.2 Spellcasting
 * Level 7.2 Conjurations
 + Level 4.0 Summonings
 * Level 9.0 Air Magic


You had 6 spell levels left.
You knew the following spells:

 Your Spells              Type           Power      Damage    Failure   Level
a - Shock                 Conj/Air       100%       1d9       1%          1
b - Static Discharge      Conj/Air       72%        2-5/arc   1%          2
c - Swiftness             Air            40%        N/A       1%          3
d - Airstrike             Air            20%        2d(3-19)  3%          4

Your spell library contained the following spells:

 Spells                   Type           Power      Damage    Failure   Level
 Sandblast                Erth           8%         2d5       13%         1
 Vhi's Electric Charge    Tloc/Air       44%        N/A       6%          3
 Summon Lightning Spire   Summ/Air       30%        N/A       9%          4
 Arcjolt                  Conj/Air       18%        1d28      12%         5
 Beastly Appendage        Tmut           8%         N/A       13%         1
 Slow                     Hex            16%        N/A       13%         1
 Wereblood                Tmut           4%         N/A       19%         2
 Confusing Touch          Hex            4%         N/A       36%         3
 Spider Form              Tmut/Pois      4%         N/A       36%         3
 Vampiric Draining        Necr           4%         2d6       36%         3
 Plasma Beam              Fire/Air       11%        2x1d24    96%         6
 Storm Form               Tmut/Air       11%        N/A       100%        7
 Maxwell's Capacitive Co  Air            20%        ∞         100%        8


Dungeon Overview and Level Annotations

Branches:
Dungeon (6/15)             Temple (1/1) D:5

Altars:
Ashenzari
Cheibriados
Dithmenos
Elyvilon
Fedhas
Gozag
Kikubaaqudgha
Makhleb
Nemelex Xobeh
Okawaru
Qazlal
Ru
Trog
Uskayaw
Vehumet
Xom
Yredelemnul
Zin
The Shining One

Shops:
D:5 *

Annotations:
D:6 Edmund


Innate Abilities, Weirdness & Mutations

You have a beak for a mouth.
You have claws for feet.
Your magical nature lets you fly swiftly and evasively.


Message History

Edmund is heavily wounded.
Edmund misses you.
Unknown command.
Casting: Shock (safe; 1% risk of failure)
Confirm with . or Enter, or press ? or * to list all spells.
Aiming: Shock (safe; 1% risk of failure)
Press: ? - help, Shift-Dir - straight line The zap misses Edmund.
Edmund barely misses you.
Unknown command.
Casting: Shock (safe; 1% risk of failure)
Confirm with . or Enter, or press ? or * to list all spells.
Aiming: Shock (safe; 1% risk of failure)
Press: ? - help, Shift-Dir - straight line The zap hits Edmund!
Edmund is severely wounded.
Edmund misses you.
Unknown command.
Casting: Shock (safe; 1% risk of failure)
Confirm with . or Enter, or press ? or * to list all spells.
Aiming: Shock (safe; 1% risk of failure)
Press: ? - help, Shift-Dir - straight line The zap misses Edmund.
Edmund barely misses you.
Unknown command.
Casting: Shock (safe; 1% risk of failure)
Confirm with . or Enter, or press ? or * to list all spells.
Aiming: Shock (safe; 1% risk of failure)
Press: ? - help, Shift-Dir - straight line The zap hits Edmund!
Edmund is almost dead.
Edmund hits you with a +2 heavy dire flail!!
* * * LOW HITPOINT WARNING * * *
Unknown command.
Casting: Shock (safe; 1% risk of failure)
Confirm with . or Enter, or press ? or * to list all spells.
Aiming: Shock (safe; 1% risk of failure)
Press: ? - help, Shift-Dir - straight line The zap hits Edmund.
Edmund is almost dead.
Edmund hits you with a +2 heavy dire flail!!
You die...

...#####.......###.#........##.#
#...........).## #.#......#..).#
#....#####...)# #.#........####
###..# ###.#.####.#.....†.##
#....####..................#
....................#.####.#
.#######..#########.#.# #.#
.#[...............#.#.# #.#
.##...........#.@@#.#.# #.#
#.........#[##.###.#.# #.#
#..######.###..# ..... #.# #.
#~........# P.... # #~.....#..#
... ###########


You could see Edmund (fast, drained).

Vanquished Creatures
  Grinder (D:5)
  Eustachio (D:5)
  3 water moccasins (D:6)
  An orc warrior (D:6)
  A black bear (D:6)
  An ice beast (D:5)
  An ogre (D:6)
  A phantom (D:5)
  A bullfrog (D:6)
  6 scorpions
  A jelly (D:5)
  A gnoll bouda (D:6)
  4 hounds
  2 iguanas
  3 orc wizards (D:6)
  12 gnolls
  8 adders
  2 ufetubi
  4 worms
  2 dart slugs
  4 orcs
  2 endoplasms
  2 giant cockroaches
  9 goblins
  2 hobgoblins
  7 jackals
  4 kobolds
  4 quokkas
  9 ball pythons
  5 bats (D:1)
  4 frilled lizards
  3 rats (D:1)
111 creatures vanquished.

Notes
Turn   | Place    | Note
-------+----------+-------------------------------------------
     0 | D:1      | Ekaitz the Tengu Air Elementalist began the quest for the
                  | Orb.
     0 | D:1      | Reached XP level 1. HP: 10/10 MP: 4/4
   139 | D:1      | Reached XP level 2. HP: 16/16 MP: 0/6
   142 | D:1      | Learned a level 2 spell: Static Discharge
   435 | D:1      | Reached XP level 3. HP: 20/20 MP: 0/7
   439 | D:1      | Learned a level 3 spell: Swiftness
  1196 | D:2      | Reached skill level 5 in Air Magic
  1251 | D:2      | Reached XP level 4. HP: 24/24 MP: 5/8
  2792 | D:3      | Reached skill level 1 in Fighting
  3220 | D:4      | Reached skill level 1 in Summonings
  3238 | D:4      | Gained mutation: Your magical nature lets you fly swiftly
                  | and evasively. [Tengu growth]
  3238 | D:4      | Reached XP level 5. HP: 27/29 MP: 0/9
  3711 | D:4      | Reached XP level 6. HP: 34/34 MP: 0/10
  3716 | D:4      | Learned a level 4 spell: Airstrike
  3919 | D:4      | Reached skill level 6 in Air Magic
  4270 | D:4      | Reached XP level 7. HP: 38/40 MP: 6/12
  4507 | D:5      | Entered Level 5 of the Dungeon
  4831 | D:5      | Found a staircase to the Ecumenical Temple.
  4840 | Temple   | Entered the Ecumenical Temple
  4892 | Temple   | Became a worshipper of Vehumet
  4979 | D:5      | Noticed Grinder
  4986 | D:5      | Reached skill level 5 in Conjurations
  4988 | D:5      | Killed Grinder
  4989 | D:5      | Reached skill level 7 in Air Magic
  4989 | D:5      | Reached XP level 8. HP: 40/45 MP: 2/13
  5308 | D:5      | Found a transporter.
  5308 | D:5      | Found Musuna's Assorted Antiques.
  5384 | D:5      | Noticed Eustachio
  5399 | D:5      | Killed Eustachio
  5400 | D:5      | Reached skill level 5 in Dodging
  5547 | D:5      | Found a transporter.
  5555 | D:5      | Bought a scroll labelled XEYRYOCOZO for 17 gold pieces
  5555 | D:5      | Bought a murky green potion for 15 gold pieces
  5555 | D:5      | Bought a ruby potion for 15 gold pieces
  5555 | D:5      | Bought a scroll labelled WEX HUUTHRI for 17 gold pieces
  5555 | D:5      | Bought a red potion for 15 gold pieces
  5878 | D:6      | Reached skill level 8 in Air Magic
  6101 | D:6      | Reached XP level 9. HP: 51/51 MP: 7/16
  6369 | D:6      | Reached * piety under Vehumet
  6369 | D:6      | Offered knowledge of Sandblast by Vehumet.
  6428 | D:6      | Reached skill level 9 in Air Magic
  6486 | D:6      | Noticed Edmund
  6505 | D:6      | Mangled by Edmund

Illustrated notes

Levels and vault maps discovered:
D:1:      psy_arrival_fountain, layout_basic, serial_bayou_lagoon_a
D:2:      layout_basic, minmay_misc_feat_square
D:3:      layout_basic, serial_glass, glass_columns_a, glass_columns_a,
          glass_columns_b, glass_columns_c, glass_columns_a, glass_columns_b
D:4:      layout_basic, minivault_14
D:5:      layout_loops_ring, minmay_temple_entry_sparse_star, serial_shops,
          nicolae_shop_drivethru, uniq_grinder, uniq_eustachio
D:6:      layout_loops_ring, mainiacjoe_overflow_big_doors,
          amcnicky_mini_rare_corridor_liquid, minmay_hedge_maze,
          sigmund_edmund_badplayer
Temple:   hellmonk_temple_of_storms

Skill      XL: |  1  2  3  4  5  6  7  8  9 |
---------------+----------------------------+-----
Air Magic      | 5 6 7 8 9 |  9.0
Conjurations   | 2 3 5 6 7 |  7.2
Fighting       | 1 2 3 |  3.3
Summonings     | 1 2 3 4 |  4.0
Dodging        | 3 4 5 |  5.5
Spellcasting   | 3 4 |  4.2
Stealth        | 3 |  3.0
Short Blades   | |  0.7
Shields        | |  0.7

Action                     |  1- 3 |  4- 6 |  7- 9 || total
---------------------------+-------+-------+-------++-------
  Melee: Dagger            |    16 |    13 |    19 ||    48
         Kick              |     4 |     1 |     6 ||    11
         Peck              |     2 |     2 |     7 ||    11
   Cast: Shock             |    44 |   113 |   103 ||   260
         Static Discharge  |     2 |     4 |    24 ||    30
         Airstrike         |       |       |     4 ||     4
   Stab: Sleeping          |     4 |     1 |     1 ||     6
 Armour: Robe              |     4 |     1 |     2 ||     7
  Dodge: Dodged            |    12 |    23 |    60 ||    95
  Block: Other             |       |     4 |    19 ||    23
